 Dungeon Crawl Stone Soup version 0.25-a0-1119-g28b6fd0c3b (webtiles) character file.

Game seed: 11643212229015738504, levelgen mode: deterministic

394619 magipi the Spry (level 22, -15/122 HPs)
             Began as a Spriggan Hunter on Apr 21, 2020.
             Was the Champion of Okawaru.
             Blown up by a lich (68 damage)
             ... with an orb of destruction
             ... on level 4 of the Depths on May 18, 2020.
             The game lasted 05:19:33 (75225 turns).

magipi the Spry (Spriggan Hunter)                  Turns: 75225, Time: 05:19:34

Health: -15/122    AC: 29    Str: 15    XL:     22   Next: 16%
Magic:  36/36      EV: 35    Int: 18    God:    Okawaru [******]
Gold:   6461       SH: 10    Dex: 16    Spells: 21/21 levels left

rFire    + . .     SeeInvis +   a - +7 demon blade (drain)
rCold    . . .     Gourm    .   Q - +1 buckler {AC+3}
rNeg     . . .     Faith    +   D - +5 acid dragon scales
rPois    +         Spirit   .   F - +2 hood of the Assassin {Detection Stab+ Stlth++}
rElec    .         Reflect  .   p - +2 cloak {rPois}
rCorr    +         Harm     .   (gloves unavailable)
MR       ++++.                  (boots unavailable)
Stlth    +++++++++.             r - amulet of faith
HPRegen  0.30/turn              k - +5 ring of protection
MPRegen  0.25/turn              f - ring of the Scarab {+Fly rF+ MR+ Int+4 Dex-2}

@: heroism, very quick
A: very small, unfitting armour, see invisible, herbivore, speed 3, slow
metabolism 2
}: 2/15 runes: serpentine, barnacled
a: Heroism, Finesse, Renounce Religion, Evoke Flight


You were on level 4 of the Depths.
You worshipped Okawaru.
Okawaru was exalted by your worship.
You were not hungry.

You visited 8 branches of the dungeon, and saw 43 of its levels.
You also visited: Gauntlet.

You collected 9433 gold pieces.
You spent 2972 gold pieces at shops.

Inventory:

Hand Weapons
 a - a +7 demon blade of draining (weapon)
   (You took it off Mara on level 1 of the Depths)
 b - a +4 rapier of electrocution
   (You found it on level 3 of the Elven Halls)
Missiles
 c - a boomerang (quivered)
 m - 22 curare-tipped darts
 w - 14 throwing nets
 J - 13 silver boomerangs
 W - 2 boomerangs of dispersal
Armour
 o - +0 ice dragon scales
   (You found it on level 1 of the Vaults)
 p - a +2 cloak of poison resistance (worn)
   (You bought it in a shop on level 2 of the Orcish Mines)
 D - +5 acid dragon scales (worn)
   (You found it on level 13 of the Dungeon)
 F - the +2 hood of the Assassin (worn) {Detection Stab+ Stlth++}
   (You found it on level 3 of the Elven Halls)

   It makes you much more stealthy.
 Q - a +1 buckler of protection (worn)
   (You took it off a tengu warrior in a Gauntlet)
Jewellery
 f - the ring of the Scarab (right hand) {+Fly rF+ MR+ Int+4 Dex-2}
   (You took it off a deep elf knight on level 3 of the Elven Halls)

   [ring of flight]

   It affects your intelligence (+4).
   It affects your dexterity (-2).
   It protects you from fire.
   It affects your resistance to hostile enchantments.
   It lets you fly.
 k - a +5 ring of protection (left hand)
   (You found it on level 2 of the Vaults)
 n - an uncursed ring of positive energy
   (You bought it in a shop on level 2 of the Orcish Mines)
 r - an amulet of faith (around neck)
   (You found it on level 4 of the Dungeon)
 H - an uncursed ring of ice
   (You found it on level 1 of the Dungeon)
 Y - the ring of Shadows {Umbra +Inv Stlth+}
   (You found it on level 4 of the Lair of Beasts)

   [ring of stealth]

   It lets you turn invisible.
   It makes you more stealthy.
Wands
 d - a wand of digging (4)
   (You took it off a deep elf mage on level 3 of the Elven Halls)
 l - a wand of enslavement (6)
   (You found it on level 6 of the Lair of Beasts)
 y - a wand of acid (27)
   (You found it on level 12 of the Dungeon)
 C - a wand of clouds (7)
   (You found it on level 12 of the Dungeon)
 E - a wand of polymorph (12)
   (You found it on level 6 of the Dungeon)
 N - a wand of iceblast (8)
   (You took it off a naga mage on level 4 of the Snake Pit)
 R - a wand of flame (18)
   (You found it on level 1 of the Elven Halls)
Scrolls
 e - 10 scrolls of teleportation
 i - 7 scrolls of magic mapping
 j - 26 scrolls of identify
 u - 4 scrolls of holy word
 L - 7 scrolls of fog
 M - 3 scrolls of fear
 V - 5 scrolls of blinking
 X - 18 scrolls of remove curse
 Z - 5 scrolls of silence
Potions
 g - 11 potions of heal wounds
 h - 13 potions of curing
 q - 5 potions of ambrosia
 t - 5 potions of stabbing
 v - 7 potions of might
 A - 2 potions of berserk rage
 B - 2 potions of flight
 G - 2 potions of magic
 I - 2 potions of cancellation
 K - 13 potions of haste
 O - 6 potions of mutation
Miscellaneous
 s - a tin of tremorstones (3/3)
   (You found it on level 4 of the Shoals)
 z - 2 phantom mirrors
 P - a phial of floods
   (You found it on level 12 of the Dungeon)
 S - a box of beasts
 T - a lightning rod (4/4)
   (You found it in a Gauntlet)
Comestibles
 x - 19 rations


   Skills:
 - Level 15.0(20.0) Fighting
 - Level 12.0(20.4) Short Blades
 - Level 12.9(19.0) Long Blades
 - Level 12.0(17.0) Throwing
 + Level 13.3(18.3) Armour
 - Level 18.0(23.0) Dodging
 - Level 15.0(20.0) Stealth
 - Level 7.2(12.2) Shields
 - Level 10.0 Invocations
 - Level 18.0 Evocations


You had 21 spell levels left.
You didn't know any spells.
Your spell library contained the following spells:

 Spells                   Type           Power        Failure   Level  Hunger
 Animate Skeleton         Necr           N/A          26%         1    ##.....
 Foxfire                  Conj/Fire      #...         26%         1    ##.....
 Freeze                   Ice            #...         26%         1    ##.....
 Magic Dart               Conj           #...         26%         1    ##.....
 Pain                     Necr           #...         26%         1    ##.....
 Summon Butterflies       Summ           #.......     26%         1    ##.....
 Blink                    Tloc           N/A          38%         2    ###....
 Call Imp                 Summ           #.......     38%         2    ###....
 Corpse Rot               Necr/Air       N/A          38%         2    ###....
 Passwall                 Tmut/Erth      #.......     38%         2    ###....
 Searing Ray              Conj           #.....       38%         2    ###....
 Shroud of Golubria       Chrm/Tloc      #.....       38%         2    ###....
 Slow                     Hex            #.......     38%         2    ###....
 Sublimation of Blood     Necr           #.........   38%         2    ###....
 Swiftness                Chrm/Air       #.......     38%         2    ###....
 Call Canine Familiar     Summ           #.......     63%         3    ####...
 Confusing Touch          Hex            #.......     63%         3    ####...
 Conjure Flame            Conj/Fire      #.......     63%         3    ####...
 Dazzling Flash           Conj/Hex       #.....       63%         3    ####...
 Frozen Ramparts          Ice            #.....       63%         3    ####...
 Gell's Gravitas          Tloc           #.........   63%         3    ####...
 Ignite Poison            Fire/Tmut/Pois #.......     63%         3    ####...
 Inner Flame              Hex/Fire       #.......     63%         3    ####...
 Lesser Beckoning         Tloc           #.........   63%         3    ####...
 Mephitic Cloud           Conj/Pois/Air  #.......     63%         3    ####...
 Ozocubu's Armour         Chrm/Ice       #.......     63%         3    ####...
 Portal Projectile        Hex/Tloc       #.....       63%         3    ####...
 Recall                   Summ/Tloc      N/A          63%         3    ####...
 Static Discharge         Conj/Air       #.......     63%         3    ####...
 Stone Arrow              Conj/Erth      #.....       63%         3    ####...
 Teleport Other           Tloc           #.......     63%         3    ####...
 Vampiric Draining        Necr           #.........   63%         3    ####...
 Animate Dead             Necr           N/A          95%         4    #####..
 Cause Fear               Hex            #.........   95%         4    #####..
 Dispel Undead            Necr           #.......     95%         4    #####..
 Fulminant Prism          Conj/Hex       #.........   95%         4    #####..
 Hailstorm                Conj/Ice       #.......     95%         4    #####..
 Iskenderun's Mystic Bla  Conj/Tloc      #.......     95%         4    #####..
 Passage of Golubria      Tloc           N/A          95%         4    #####..
 Petrify                  Tmut/Erth      #.......     95%         4    #####..
 Sticky Flame             Conj/Fire      #.......     95%         4    #####..
 Summon Ice Beast         Ice/Summ       #.......     95%         4    #####..
 Summon Lightning Spire   Summ/Air       #.......     95%         4    #####..
 Agony                    Necr           #.......     100%        5    ######.
 Borgnjor's Vile Clutch   Necr/Erth      #.........   100%        5    ######.
 Excruciating Wounds      Chrm/Necr      #.........   100%        5    ######.
 Fireball                 Conj/Fire      #.........   100%        5    ######.
 Lee's Rapid Deconstruct  Erth           #.........   100%        5    ######.
 Metabolic Englaciation   Hex/Ice        #.........   100%        5    ######.
 Silence                  Hex/Air        #.........   100%        5    ######.
 Summon Forest            Summ/Tloc      #.........   100%        5    ######.
 Summon Mana Viper        Hex/Summ       #.......     100%        5    ######.
 Yara's Violent Unravell  Hex/Tmut       #.........   100%        5    ######.
 Conjure Ball Lightning   Conj/Air       #.........   100%        6    #######
 Darkness                 Hex            #.........   100%        6    #######
 Death Channel            Necr           #.........   100%        6    #######
 Dispersal                Tloc           #.........   100%        6    #######
 Eringya's Noxious Bog    Tmut/Pois      #.........   100%        6    #######
 Hydra Form               Tmut           #.........   100%        6    #######
 Invisibility             Hex            #.......     100%        6    #######
 Iron Shot                Conj/Erth      #.........   100%        6    #######
 Ozocubu's Refrigeration  Ice            #.........   100%        6    #######
 Simulacrum               Ice/Necr       #.........   100%        6    #######
 Starburst                Conj/Fire      #.........   100%        6    #######
 Malign Gateway           Summ/Tloc      #.........   100%        7    #######
 Ring of Flames           Chrm/Fire      #.........   100%        7    #######
 Summon Hydra             Summ           #.........   100%        7    #######
 Controlled Blink         Tloc           N/A          100%        8    #######
 Discord                  Hex            #.........   100%        8    #######
 Disjunction              Tloc           #.........   100%        8    #######
 Ignition                 Fire           #.........   100%        8    #######
 Shatter                  Erth           #.........   100%        9    #######
 Tornado                  Air            #.........   100%        9    #######


Dungeon Overview and Level Annotations

Branches:
Dungeon (15/15)            Temple (0/1) D:7            Lair (6/6) D:9
 Shoals (4/4) Lair:3        Snake (4/4) Lair:2        Slime (0/5) Lair:6
    Orc (2/2) D:11            Elf (3/3) Orc:2        Vaults (4/5) D:14
  Crypt (0/3) Vaults:2     Depths (5/5) D:15        Gauntlet (visited)
    Zot: Depths:5

Altars:
Ashenzari
Cheibriados
Elyvilon
Gozag
Kikubaaqudgha
Nemelex Xobeh
Okawaru
Qazlal
Ru
Sif Muna
Trog
Uskayaw
Wu Jian
Xom
Yredelemnul
Zin
The Shining One
Beogh
Jiyva

Shops:
D:10 ?   D:11 !   D:13 !   Orc:2 !=?[   Shoals:1 ?   Shoals:2 %   Snake:1 %

Portals:
Hell: Depths:1 Depths:2
Abyss: Depths:1 Depths:2
Pandemonium: Depths:1
Ziggurat: Depths:2

Annotations:
Lair:4 exclusion: 3 oklob plants
Elf:2 3 runed translucent doors, exclusion: door
Depths:2 2 transporters, exclusions: angel, 2 daevas, obsidian statue and 1 more exclusion


Innate Abilities, Weirdness & Mutations

You are very small and have problems with some larger weapons.
You are too small for most types of armour.
You have supernaturally acute eyesight. (SInv)
You are a herbivore.
You cover ground extremely quickly.
You need to consume almost no food.


Message History

Throwing (i - inventory. (/) - cycle)
c - 2 boomerangs (quivered)
Press: ? - help, Shift-Dir - straight line, f/p - ettin
Aim: an ettin, wielding two +0 dire flails (severely wounded)
You throw a boomerang. The boomerang hits the ettin.
The ettin is severely wounded.
Unknown command.
Throwing (i - inventory. (/) - cycle)
c - 2 boomerangs (quivered)
Press: ? - help, Shift-Dir - straight line, f/p - ettin
Aim: an ettin, wielding two +0 dire flails (severely wounded)
You throw a boomerang.
The boomerang hits the ettin but does no damage.
The ettin is severely wounded.
Unknown command.
Throwing (i - inventory. (/) - cycle)
c - 2 boomerangs (quivered)
Press: ? - help, Shift-Dir - straight line, f/p - ettin
Aim: an ettin, wielding two +0 dire flails (severely wounded)
You throw a boomerang. The boomerang hits the ettin!
The ettin is almost dead.
Unknown command.
Throwing (i - inventory. (/) - cycle)
c - 2 boomerangs (quivered)
Press: ? - help, Shift-Dir - straight line, f/p - ettin
Aim: an ettin, wielding two +0 dire flails (almost dead)
You throw a boomerang. The boomerang hits the ettin!
You kill the ettin!
Okawaru accepts your kill.
Unknown command.
Things that are here:
a +0 dire flail x2
There is a stone staircase leading down here.
A flayed ghost comes into view.
Throwing (i - inventory. (/) - cycle)
c - 2 boomerangs (quivered)
Press: ? - help, Shift-Dir - straight line, f - flayed ghost
Aim: a flayed ghost (wandering, hasn't noticed you)
You throw a boomerang. The boomerang hits the flayed ghost.
The flayed ghost is lightly damaged.
The flayed ghost cries, "Feel what I felt!"
Terrible wounds open up all over your body!
Unknown command.
Throwing (i - inventory. (/) - cycle)
c - a boomerang (quivered)
Press: ? - help, Shift-Dir - straight line, f/p - flayed ghost
Aim: a flayed ghost (lightly damaged)
You throw a boomerang. The boomerang hits the flayed ghost!!
The flayed ghost is heavily damaged.
The flayed ghost stares at you with tortured malice.
Terrible wounds spread across more of your body!
Unknown command.
Throwing (i - inventory. (/) - cycle)
c - a boomerang (quivered)
Press: ? - help, Shift-Dir - straight line, f/p - flayed ghost
Aim: a flayed ghost (heavily damaged)
You throw a boomerang.
The boomerang closely misses the flayed ghost.
Unknown command.
Throwing (i - inventory. (/) - cycle)
c - a boomerang (quivered)
Press: ? - help, Shift-Dir - straight line, f/p - flayed ghost
Aim: a flayed ghost (heavily damaged)
You throw a boomerang. The boomerang hits the flayed ghost!!
The flayed ghost is almost destroyed.
Unknown command.
Throwing (i - inventory. (/) - cycle)
c - a boomerang (quivered)
Press: ? - help, Shift-Dir - straight line, f/p - flayed ghost
Aim: a flayed ghost (almost destroyed)
You throw a boomerang. The boomerang hits the flayed ghost!!
You destroy the flayed ghost!
Okawaru accepts your kill.
The terrible wounds on your body vanish.
Unknown command.
There is a stone staircase leading down here.
Things that are here:
a +0 dire flail x2
As you read the scroll of magic mapping, it crumbles to dust.
You feel aware of your surroundings.
You sensed 3 shops/portals.
Unknown command.
A lich comes into view.
The lich shouts!
The lich mumbles some strange words.
The lich seems to speed up.
The lich launches a ball of destructive magic.
An orb of destruction comes into view.
Unknown command.
The lich launches a ball of destructive magic.
An orb of destruction comes into view.
The orb of destruction hits a rock wall.
Things that are here:
a +0 dire flail x2
The lich shouts!
You gain the combat prowess of a mighty hero.
The lich conjures a glowing orb.
An orb of destruction comes into view.
The orb of destruction hits you!!!
Ouch! That really hurt!
Things that are here:
a +0 dire flail x2
Unknown command.
The lich conjures a glowing orb.
An orb of destruction comes into view.
There is a stone staircase leading down here.
Unknown command.
Magic restored.
The orb of destruction hits you!!!
Ouch! That really hurt!
You die...

,,,,,,,,,**......#,,**,,,**,,≈,,^
****,,,,,**#.....#*,,***,,**,,,,,
* ******* #..^..#**,,,******,,**
#......,,,,,,,,,,,,**
#.....#***,,,,,***** #.....#
******* #.....# ***#..# #.@# ##○#
#○# #°# #○# #○# #L# #°# #.#


You could see a lich (fast).

Vanquished Creatures
  Mara (Depths:1)
  Boris (Depths:3)
  A tentacled monstrosity (Vaults:2)
  2 liches
  Asterion (Snake:1)
  2 deep elf blademasters (Elf:3)
  A kraken (Shoals:4)
  A sphinx (Vaults:3)
  2 deep elf master archers (Elf:3)
  A tengu reaver (Vaults:2)
  A storm dragon (Vaults:3)
  The ghost of HoaS the Wrestler, an adept GrBe of Trog (Shoals:4)
  11 nagarajas
  8 deep elf sorcerers
  Ilsuiw (Shoals:2)
  16 vault wardens
  8 frost giants
  2 fire giants
  Louise (D:15)
  A reaper (Depths:1)
  11 ironheart preservers
  12 stone giants
  6 deep elf annihilators (Elf:3)
  A minotaur (Gauntlet)
  4 deep elf demonologists
  4 merfolk javelineers
  3 deep elf death magi (Elf:3)
  Snorg (Lair:6)
  7 merfolk impalers
  6 ettins
  5 fire dragons
  6 great orbs of eyes
  9 ice dragons
  4 rakshasas
  Fannar (Lair:2)
  6 vault guards
  10 yaktaur captains
  4 deep elf high priests
  A hydra (shapeshifter) (Vaults:3)
  5 hydras
  16 naga warriors
  Erica (D:9)
  3 death knights
  11 anacondas
  The ghost of EnegeticOcto the Fighter, a novice MiFi of Gozag (D:9)
  4 catoblepae
  12 dancing weapons
  13 centaur warriors
  27 two-headed ogres
  An alligator snapping turtle (Shoals:3)
  6 merfolk avatars
  4 deep troll shamans
  2 merfolk aquamancers (Shoals:4)
  8 death yaks
  19 ogre magi
  3 orc high priests (Orc:2)
  7 tengu warriors
  10 naga sharpshooters
  3 deep troll earth magi
  A vampire mage (Depths:1)
  Urug (D:12)
  A sun demon (Depths:1)
  12 deep elf knights
  3 salamander mystics
  A shock serpent (Snake:2)
  A hell knight (D:15)
  2 skeletal warriors (D:15)
  4 unseen horrors
  A shadow wraith (Vaults:2)
  An infernal demonspawn (Depths:1)
  21 deep trolls
  12 deep elf archers
  14 sea snakes
  3 flayed ghosts
  22 orc knights
  24 harpies
  A glowing orange brain (Depths:1)
  8 wizards
  15 naga ritualists
  A necromancer (D:15)
  2 phantasmal warriors (Vaults:2)
  14 ironbrand convokers
  A wolf spider zombie (D:9)
  An oklob plant (Lair:5)
  10 cyclopes
  50 deep elf magi
  An orb spider (shapeshifter) (Depths:1)
  6 ugly things
  10 mana vipers
  4 wolf spiders
  4 fauns (Shoals:1)
  10 salamanders
  A stone giant zombie (D:15)
  5 orc sorcerers
  A fire giant zombie (D:15)
  7 guardian serpents
  7 manticores
  8 merfolk sirens
  15 vault sentinels
  27 black mambas
  4 water nymphs
  20 naga magi
  7 elephants (Lair:6)
  2 spiny frogs (shapeshifter)
  A spectral sea snake (Shoals:4)
  2 gargoyles
  A rust devil (Depths:1)
  2 centaur zombies
  A spriggan zombie (D:15)
  A minotaur zombie (Gauntlet)
  12 spiny frogs
  An efreet (D:15)
  An orange demon (Depths:1)
  4 freezing wraiths
  6 rime drakes
  A spectral water nymph (Shoals:4)
  46 yaktaurs
  10 komodo dragons
  5 trolls
  24 merfolk
  A troll (shapeshifter) (Depths:1)
  A queen bee (shapeshifter) (Depths:1)
  A hornet (shapeshifter) (Vaults:1)
  A tyrant leech (D:15)
  2 tengu conjurers
  6 polar bears
  6 wind drakes
  5 blink frogs (Lair:5)
  2 hornets
  9 snapping turtles
  An ice dragon zombie (D:15)
  A sphinx simulacrum (Vaults:3)
  13 dream sheep
  10 hippogriffs
  11 slime creatures
  A stone giant simulacrum (Vaults:1)
  A meliai zombie (D:15)
  A spectral merfolk (Shoals:3)
  A snapping turtle (shapeshifter) (Depths:2)
  2 shadows
  Sigmund (D:2)
  4 air elementals
  2 vampires (D:13)
  A wraith (D:15)
  9 water elementals
  3 wyverns
  A human (shapeshifter) (D:14)
  5 basilisks
  52 yaks
  A sea snake simulacrum (Shoals:4)
  A fire elemental (Elf:1)
  A golden eye (shapeshifter) (Depths:2)
  5 vampire mosquitoes
  7 hungry ghosts
  A chaos spawn (Depths:1)
  62 nagas
  Edmund (D:6)
  6 wargs
  2 acid dragons
  A soldier ant (D:14)
  Duvessa (D:4)
  19 water moccasins
  31 orc warriors
  2 ice beasts
  4 porcupines
  4 sky beasts
  2 black bears (D:7)
  An eye of draining (shapeshifter) (Vaults:2)
  2 eyes of draining
  32 ogres
  A necrophage (D:10)
  3 phantoms (D:9)
  3 boggarts
  17 centaurs
  16 crocodiles
  4 big kobolds
  21 bullfrogs
  Blork the orc (D:6)
  4 earth elementals
  A wyvern zombie (D:12)
  Dowan (D:4)
  A merfolk simulacrum (Shoals:4)
  4 scorpions
  A wyvern skeleton (D:12)
  9 killer bees
  4 wights (D:15)
  2 electric eels (Lair:6)
  3 howler monkeys
  3 crimson imps
  2 quasits
  7 jellies
  35 orc wizards
  4 bullfrog skeletons
  25 orc priests
  5 hounds
  5 centaur skeletons
  2 iguanas
  9 worker ants
  5 hell rats (Lair:4)
  2 hound zombies
  2 worker ant zombies
  3 howler monkey skeletons
  14 adders
  6 shadow imps
  3 oozes
  3 adder skeletons
  A worm (D:2)
  2 dart slugs
  8 leopard geckos
  93 orcs
  10 bats
  6 giant cockroaches
  15 hobgoblins
  14 jackals
  29 kobolds
  7 quokkas
  A ball python (D:2)
  3 frilled lizards
  15 goblins
  A jackal skeleton (D:7)
  A jackal zombie (D:6)
  A quokka skeleton (D:4)
  7 rats
  2 crawling corpses (Elf:3)
  A plant (Lair:3)
  3 tentacles (Shoals:4)
  A withered plant (Shoals:3)
1596 creatures vanquished.

Vanquished Creatures (collateral kills)
  2 naga sharpshooters (Snake:4)
  A mana viper (Snake:4)
  A manticore (Shoals:2)
  A naga mage (Snake:4)
  A naga (Snake:4)
6 creatures vanquished.

Vanquished Creatures (others)
  Nikola (Elf:3)
  A deep elf demonologist (Elf:3)
  A yaktaur captain (Vaults:3)
  A two-headed ogre (Vaults:4)
  2 anacondas
  A shock serpent (Snake:4)
  2 black mambas (Snake:4)
  A deep elf archer (Elf:2)
  2 harpies
  An orc sorcerer (Orc:2)
  A deep elf mage (Elf:3)
  An ogre (Vaults:4)
  A boggart (Vaults:3)
  A shadow imp (D:15)
  An orc (Vaults:4)
  A fungus (Lair:6)
  11 plants
  11 tentacles (Shoals:4)
41 creatures vanquished.

Grand Total: 1643 creatures vanquished

Notes
Turn   | Place    | Note
-------+----------+-------------------------------------------
     0 | D:1      | magipi the Spriggan Hunter began the quest for the Orb.
     0 | D:1      | Reached XP level 1. HP: 10/10 MP: 2/2
   176 | D:1      | Reached XP level 2. HP: 15/15 MP: 3/3
   738 | D:1      | Reached XP level 3. HP: 18/18 MP: 4/4
  1381 | D:2      | Found a snail-covered altar of Cheibriados.
  1441 | D:2      | Noticed Sigmund
  1705 | D:2      | Found an iron altar of Okawaru.
  1714 | D:2      | Became a worshipper of Warmaster Okawaru
  1715 | D:2      | Found a faded altar of an unknown god.
  1858 | D:2      | Reached XP level 4. HP: 23/23 MP: 5/5
  1882 | D:2      | Found a shimmering altar of Xom.
  1918 | D:2      | Found a sparkling altar of Nemelex Xobeh.
  2303 | D:2      | Killed Sigmund
  2303 | D:2      | Reached skill level 5 in Throwing
  2303 | D:2      | Reached skill level 5 in Dodging
  2303 | D:2      | Reached XP level 5. HP: 28/28 MP: 6/6
  2930 | D:3      | Reached XP level 6. HP: 12/32 MP: 7/7
  3451 | D:3      | Found a bloodstained altar of Trog.
  4171 | D:4      | Reached * piety under Okawaru
  4171 | D:4      | Reached skill level 1 in Short Blades
  4346 | D:4      | Reached XP level 7. HP: 34/36 MP: 8/8
  4383 | D:4      | Noticed Duvessa
  4384 | D:4      | Noticed Dowan
  4459 | D:4      | Killed Duvessa
  4619 | D:4      | Killed Dowan
  5176 | D:5      | Entered Level 5 of the Dungeon
  5641 | D:5      | Reached ** piety under Okawaru
  5701 | D:5      | Reached XP level 8. HP: 39/42 MP: 9/9
  5787 | D:5      | Found a glowing silver altar of Zin.
  6048 | D:5      | Found a shattered altar of Ashenzari.
  6485 | D:6      | Found a hide-covered altar of Uskayaw.
  6689 | D:6      | Noticed Blork the orc
  6692 | D:6      | Killed Blork the orc
  6737 | D:6      | Noticed Edmund
  6793 | D:6      | Killed Edmund
  6867 | D:6      | Reached *** piety under Okawaru
  7151 | D:6      | Reached XP level 9. HP: 46/46 MP: 10/10
  7229 | D:6      | Found a stormy altar of Qazlal.
  7742 | D:7      | Reached **** piety under Okawaru
  7852 | D:7      | Reached skill level 5 in Fighting
  7852 | D:7      | Reached skill level 5 in Short Blades
  8003 | D:7      | Found a staircase to the Ecumenical Temple.
  8013 | D:7      | Found a sacrificial altar of Ru.
  8486 | D:8      | Received a gift from Okawaru
  8818 | D:8      | Reached skill level 1 in Evocations
  8941 | D:8      | Reached skill level 1 in Invocations
  9089 | D:8      | Found a glowing golden altar of the Shining One.
  9362 | D:8      | Reached skill level 10 in Throwing
  9399 | D:8      | Found a glowing golden altar of the Shining One.
  9845 | D:9      | Found a staircase to the Lair.
  9893 | D:9      | Found a shimmering blue altar of Sif Muna.
  9893 | D:9      | Found a basalt altar of Yredelemnul.
  9894 | D:9      | Found an ornate altar of the Wu Jian Council.
  9894 | D:9      | Found an opulent altar of Gozag.
  9917 | D:9      | Received a gift from Okawaru
  9917 | D:9      | Reached XP level 10. HP: 51/51 MP: 12/12
  9924 | D:9      | Found a transporter.
  9932 | D:9      | Found a transporter.
  9932 | D:9      | Noticed EnegeticOcto's ghost (novice MiFi)
  9946 | D:9      | Found a white marble altar of Elyvilon.
  9999 | D:9      | Noticed Erica
 10077 | D:9      | Killed Erica
 10077 | D:9      | Reached ***** piety under Okawaru
 10504 | D:9      | Reached skill level 10 in Dodging
 10809 | D:10     | Entered Level 10 of the Dungeon
 10850 | D:9      | Received a gift from Okawaru
 11162 | D:10     | Noticed an unseen horror
 11191 | D:10     | Killed an unseen horror
 11393 | D:10     | Received a gift from Okawaru
 11969 | D:10     | Found Wuttuel's Magic Scroll Shop.
 11973 | D:10     | Noticed a two-headed ogre
 12024 | D:10     | Killed a two-headed ogre
 12083 | D:10     | Bought a scroll of noise for 13 gold pieces
 12083 | D:10     | Bought a scroll of teleportation for 39 gold pieces
 12083 | D:10     | Bought a scroll of fear for 45 gold pieces
 12083 | D:10     | Bought a scroll of identify for 26 gold pieces
 12083 | D:10     | Bought a scroll of identify for 26 gold pieces
 12394 | D:11     | Received a gift from Okawaru
 12556 | D:11     | Noticed a cyclops
 12738 | D:11     | Killed a cyclops
 12738 | D:11     | Reached skill level 5 in Evocations
 12738 | D:11     | Reached XP level 11. HP: 17/56 MP: 15/15
 13111 | D:11     | Found a staircase to the Orcish Mines.
 13145 | D:11     | Noticed a purple ugly thing
 13187 | D:11     | Killed a purple ugly thing
 13302 | D:11     | Found Ucseome Owyl's Distillery.
 13312 | D:11     | Bought a potion of heal wounds for 70 gold pieces
 13312 | D:11     | Bought a potion of curing for 42 gold pieces
 13423 | D:11     | Noticed Maurice
 13430 | D:11     | Noticed Maurice
 13430 | D:11     | Maurice changed into Maurice the ogre
 13886 | D:11     | Killed Maurice the ogre
 13937 | D:11     | Noticed a four-headed hydra
 13958 | D:11     | Killed a four-headed hydra
 13958 | D:11     | Received a gift from Okawaru
 14491 | D:12     | Noticed Urug
 14734 | D:12     | Found a gate leading to a gauntlet.
 14740 | Gauntlet | Entered a Gauntlet
 14740 | Gauntlet | Found a transporter.
 14744 | Gauntlet | Noticed a tengu warrior
 14751 | Gauntlet | Found a transporter.
 14752 | Gauntlet | Found a transporter.
 14760 | Gauntlet | Found a transporter.
 14763 | Gauntlet | Found a transporter.
 14771 | Gauntlet | Found a transporter.
 14775 | Gauntlet | Found a transporter.
 14777 | Gauntlet | Noticed a hell beast
 14783 | Gauntlet | Found a transporter.
 14787 | Gauntlet | Found a transporter.
 14789 | Gauntlet | Noticed a thrashing horror
 14790 | Gauntlet | Noticed a thrashing horror
 14795 | Gauntlet | Found a transporter.
 14816 | Gauntlet | Found a transporter.
 14828 | Gauntlet | Found a transporter.
 14840 | Gauntlet | Found a transporter.
 14852 | Gauntlet | Found a transporter.
 14930 | Gauntlet | Killed a tengu warrior
 14996 | Gauntlet | Noticed a minotaur
 15035 | Gauntlet | Killed a minotaur
 15035 | Gauntlet | Received a gift from Okawaru
 15035 | Gauntlet | Reached ****** piety under Okawaru
 15035 | Gauntlet | Received a gift from Okawaru
 15035 | Gauntlet | Reached skill level 1 in Shields
 15240 | D:12     | Noticed a red ugly thing
 15283 | D:12     | Killed a red ugly thing
 15283 | D:12     | Received a gift from Okawaru
 15629 | D:12     | Identified the +8 war axe of Esesuudd {antimagic, rN+ SInv}
                  | (You found it on level 12 of the Dungeon)
 15768 | D:12     | Found a snail-covered altar of Cheibriados.
 15835 | D:13     | Noticed a two-headed ogre
 15835 | D:13     | Noticed a tengu warrior
 15893 | D:13     | Found Inupn's Distillery.
 15909 | D:13     | Bought a potion of berserk rage for 85 gold pieces
 15964 | D:13     | Noticed an unseen horror
 15994 | D:13     | Killed an unseen horror
 16102 | D:13     | Noticed a deep elf mage
 16243 | D:13     | Killed a tengu warrior
 16377 | D:13     | Killed a deep elf mage
 16377 | D:13     | Reached XP level 12. HP: 62/62 MP: 4/18
 16715 | D:13     | Killed a two-headed ogre
 17064 | D:13     | Received a gift from Okawaru
 17613 | D:13     | Reached skill level 1 in Armour
 17832 | D:13     | Upgraded the game from 0.25-a0-829-g4e6a552925 to
                  | 0.25-a0-834-g55863b0b92
 17879 | Orc:1    | Entered Level 1 of the Orcish Mines
 18472 | Orc:1    | Found a roughly hewn altar of Beogh.
 18921 | Orc:2    | Entered Level 2 of the Orcish Mines
 19012 | Orc:2    | Found a staircase to the Elven Halls.
 19019 | Orc:2    | Noticed an ettin
 19074 | Orc:2    | Killed an ettin
 19539 | D:11     | Identified the +1 dagger "Hemmao" {vorpal, rPois MR- Dex+4
                  | Stlth+} (Okawaru gifted it to you on level 11 of the
                  | Dungeon)
 19952 | Orc:2    | Noticed an orc high priest
 19964 | Orc:2    | Killed an orc high priest
 19964 | Orc:2    | Received a gift from Okawaru
 19990 | Orc:2    | Reached skill level 5 in Shields
 20148 | Orc:2    | Noticed an orc high priest
 20155 | Orc:2    | Reached XP level 13. HP: 67/67 MP: 20/20
 20310 | Orc:2    | Found Yrgher's Armour Shop.
 20310 | Orc:2    | Found Xamiekhleife's Magic Scroll Emporium.
 20497 | Orc:2    | Found Xyithral's Jewellery Shop.
 20497 | Orc:2    | Found Ojid's Distillery.
 20544 | Orc:2    | Bought a potion of ambrosia for 104 gold pieces
 20544 | Orc:2    | Bought a potion of mutation for 104 gold pieces
 20546 | Orc:2    | Bought 3 scrolls of magic mapping for 157 gold pieces
 21017 | Lair:1   | Entered Level 1 of the Lair of Beasts
 21719 | Lair:1   | Reached skill level 5 in Stealth
 22191 | Lair:2   | Found a staircase to the Snake Pit.
 22346 | Lair:2   | Received a gift from Okawaru
 22545 | Lair:2   | Noticed Fannar
 22564 | Lair:2   | Killed Fannar
 23113 | Lair:3   | Reached skill level 10 in Short Blades
 23713 | Lair:3   | Found a staircase to the Shoals.
 23933 | Lair:4   | Found the ring of Shadows {Umbra +Inv Stlth+}
 24073 | Lair:4   | Found a dark tunnel.
 24158 | Lair:4   | Received a gift from Okawaru
 24223 | Lair:4   | Reached skill level 10 in Evocations
 25014 | Lair:5   | Received a gift from Okawaru
 25162 | Lair:5   | Reached XP level 14. HP: 67/73 MP: 22/22
 25180 | Lair:5   | Reached skill level 5 in Invocations
 26028 | Lair:6   | Entered Level 6 of the Lair of Beasts
 26184 | Lair:6   | Noticed Snorg
 26262 | Lair:6   | Killed Snorg
 26324 | Lair:6   | Received a gift from Okawaru
 26405 | Lair:6   | Received a gift from Okawaru
 26408 | Lair:6   | Identified the +0 robe of Repulsion {Regen+ Dex+2} (Okawaru
                  | gifted it to you on level 6 of the Lair of Beasts)
 26638 | Lair:6   | Found a runed translucent door.
 26639 | Lair:6   | Found a viscous altar of Jiyva.
 26641 | Lair:6   | Found a staircase to the Slime Pits.
 27298 | Lair:6   | Received a gift from Okawaru
 27726 | D:12     | Killed Urug
 28204 | D:14     | Reached XP level 15. HP: 78/78 MP: 22/24
 28249 | D:14     | Found a gate to the Vaults.
 29031 | D:15     | Entered Level 15 of the Dungeon
 29459 | D:15     | Found a staircase to the Depths.
 29530 | D:15     | Received a gift from Okawaru
 29556 | D:15     | Reached skill level 5 in Armour
 29572 | D:15     | Received a gift from Okawaru
 29578 | D:15     | Reached skill level 10 in Stealth
 29694 | D:15     | Reached skill level 15 in Dodging
 30348 | D:15     | Received a gift from Okawaru
 30353 | D:15     | Noticed Louise
 30552 | D:15     | Killed Louise
 30945 | Orc:2    | Bought a +1 cloak of poison resistance for 202 gold pieces
 30964 | Orc:2    | Bought a scroll of enchant armour for 112 gold pieces
 30964 | Orc:2    | Bought a scroll of teleportation for 45 gold pieces
 30964 | Orc:2    | Bought a scroll of teleportation for 45 gold pieces
 31132 | Snake:1  | Entered Level 1 of the Snake Pit
 31411 | Snake:1  | Noticed Asterion
 31433 | Snake:1  | Killed Asterion
 31554 | Snake:1  | Found Fyaseun's Food Shop.
 32194 | Snake:1  | Received a gift from Okawaru
 32628 | Snake:1  | Reached skill level 10 in Fighting
 33112 | Shoals:1 | Entered Level 1 of the Shoals
 33318 | Shoals:1 | Reached XP level 16. HP: 84/84 MP: 26/26
 33701 | Shoals:1 | Found Eloets's Magic Scroll Boutique.
 33711 | Shoals:1 | Bought a scroll of blinking for 105 gold pieces
 33941 | Shoals:2 | Found Cuxelosh's Food Shop.
 34373 | Shoals:2 | Upgraded the game from 0.25-a0-834-g55863b0b92 to
                  | 0.25-a0-842-g81a31cfd23
 34373 | Shoals:2 | Upgraded the game from 0.25-a0-842-g81a31cfd23 to
                  | 0.25-a0-869-g05d4e06a41
 34375 | Shoals:2 | Upgraded the game from 0.25-a0-869-g05d4e06a41 to
                  | 0.25-a0-975-gcae8493d64
 34639 | Shoals:2 | Upgraded the game from 0.25-a0-975-gcae8493d64 to
                  | 0.25-a0-1024-gbfbf38f2cb
 34941 | Shoals:3 | Received a gift from Okawaru
 35536 | Shoals:3 | Upgraded the game from 0.25-a0-1024-gbfbf38f2cb to
                  | 0.25-a0-1056-g2efb326896
 35584 | Shoals:3 | Received a gift from Okawaru
 35646 | Shoals:2 | Noticed Ilsuiw
 36571 | Shoals:3 | Received a gift from Okawaru
 37053 | Shoals:2 | Killed Ilsuiw
 37279 | Shoals:4 | Entered Level 4 of the Shoals
 37349 | Shoals:4 | Noticed a kraken
 37394 | Shoals:4 | Reached skill level 10 in Invocations
 37427 | Shoals:4 | Killed a kraken
 37427 | Shoals:4 | Received a gift from Okawaru
 37432 | Shoals:4 | Got a barnacled rune of Zot
 37740 | Shoals:4 | Received a gift from Okawaru
 38845 | Shoals:4 | Reached XP level 17. HP: 89/89 MP: 27/27
 39089 | Shoals:4 | Found a runed translucent gate.
 39089 | Shoals:4 | Found a runed translucent gate.
 39089 | Shoals:4 | Found a runed translucent gate.
 39089 | Shoals:4 | Noticed HoaS's ghost (adept GrBe)
 39374 | Shoals:4 | Killed HoaS's ghost
 40154 | Snake:2  | You fall into a shaft and drop 1 floor!
 40252 | Snake:3  | Received a gift from Okawaru
 40252 | Snake:3  | Reached skill level 10 in Armour
 40331 | Snake:3  | Received a gift from Okawaru
 40334 | Snake:3  | Identified the +5 mace of Understanding {flame, SInv}
                  | (Okawaru gifted it to you on level 3 of the Snake Pit)
 41191 | Snake:3  | Received a gift from Okawaru
 42213 | Snake:2  | Received a gift from Okawaru
 42886 | Snake:3  | Received a gift from Okawaru
 43357 | Snake:3  | Received a gift from Okawaru
 43406 | Snake:3  | Received a gift from Okawaru
 43784 | Snake:4  | Entered Level 4 of the Snake Pit
 43948 | Snake:4  | Identified a scroll of acquirement
 43948 | Snake:4  | Identified the +2 hat "Nihuuci" {+Blink} (You acquired it
                  | on level 4 of the Snake Pit)
 44282 | D:13     | Bought a potion of might for 68 gold pieces
 44282 | D:13     | Bought a potion of might for 68 gold pieces
 44282 | D:13     | Bought a potion of curing for 51 gold pieces
 44282 | D:13     | Bought a potion of cancellation for 136 gold pieces
 44282 | D:13     | Bought a potion of haste for 170 gold pieces
 44282 | D:13     | Bought a potion of invisibility for 136 gold pieces
 44282 | D:13     | Bought a potion of curing for 51 gold pieces
 44335 | D:11     | Bought a potion of curing for 42 gold pieces
 44335 | D:11     | Bought a potion of haste for 140 gold pieces
 44335 | D:11     | Bought a potion of heal wounds for 70 gold pieces
 44408 | Orc:2    | Bought 2 potions of haste for 260 gold pieces
 44408 | Orc:2    | Bought a potion of heal wounds for 65 gold pieces
 44408 | Orc:2    | Bought a potion of heal wounds for 65 gold pieces
 44415 | Orc:2    | Bought an uncursed ring of positive energy for 280 gold
                  | pieces
 44418 | Orc:2    | Bought a scroll of identify for 30 gold pieces
 44418 | Orc:2    | Bought a scroll of identify for 30 gold pieces
 44418 | Orc:2    | Bought a scroll of identify for 30 gold pieces
 44418 | Orc:2    | Bought a scroll of identify for 30 gold pieces
 44418 | Orc:2    | Bought a scroll of identify for 30 gold pieces
 44894 | Snake:4  | Reached skill level 15 in Evocations
 45397 | Snake:4  | Received a gift from Okawaru
 45808 | Snake:4  | Received a gift from Okawaru
 45878 | Snake:4  | Reached XP level 18. HP: 95/95 MP: 28/30
 46152 | Snake:4  | Received a gift from Okawaru
 46524 | Snake:4  | Received a gift from Okawaru
 46649 | Snake:4  | Received a gift from Okawaru
 47664 | Snake:4  | Got a serpentine rune of Zot
 48100 | Elf:1    | Entered Level 1 of the Elven Halls
 48248 | Elf:1    | Found a white marble altar of Elyvilon.
 48248 | Elf:1    | Found a ruined gateway.
 48248 | Elf:1    | Found a glowing silver altar of Zin.
 48272 | Elf:1    | Found a glowing golden altar of the Shining One.
 50453 | Elf:1    | Received a gift from Okawaru
 51575 | Elf:2    | Found a runed translucent gate.
 51576 | Elf:2    | Found a runed translucent gate.
 51576 | Elf:2    | Found a runed translucent gate.
 51858 | Elf:3    | Entered Level 3 of the Elven Halls
 52555 | Elf:3    | Received a gift from Okawaru
 52565 | Elf:3    | Reached XP level 19. HP: 104/104 MP: 31/31
 52575 | Elf:3    | Identified the +3 buckler "Pifot" {rPois MR+} (Okawaru
                  | gifted it to you on level 3 of the Elven Halls)
 52619 | Elf:3    | Noticed Nikola
 52624 | Elf:3    | Killed Nikola
 54971 | Elf:3    | Identified the +2 leather armour of the Curious Yaks {+Inv
                  | MR- Str+3}
 54985 | Elf:3    | Identified the +12 plate armour of Amelioration {rCorr}
 56048 | Elf:3    | Received a gift from Okawaru
 56451 | Elf:3    | Received a gift from Okawaru
 56487 | Elf:3    | Identified the +1 leather armour of True Grit {rF++}
 56487 | Elf:3    | Identified the ring of the Scarab {+Fly rF+ MR+ Int+4
                  | Dex-2}
 56753 | Elf:3    | Identified Lom Lobon's Disquisition on Orientation
 56765 | Elf:3    | Identified the Compendium of the Mountains and Dark Rites
 56804 | Elf:3    | Found the +2 hood of the Assassin {Detection Stab+ Stlth++}
 57861 | Vaults:1 | Entered Level 1 of the Vaults
 57974 | Vaults:1 | Reached skill level 15 in Stealth
 58004 | Vaults:1 | Reached skill level 1 in Long Blades
 58053 | Vaults:1 | Received a gift from Okawaru
 58981 | Vaults:1 | You fall into a shaft and drop 1 floor!
 59020 | Vaults:2 | Found a basalt altar of Yredelemnul.
 59020 | Vaults:2 | Found a staircase to the Crypt.
 59020 | Vaults:2 | Found an ancient bone altar of Kikubaaqudgha.
 60434 | Vaults:2 | Received a gift from Okawaru
 60513 | Vaults:2 | Received a gift from Okawaru
 60542 | Vaults:2 | Reached XP level 20. HP: 86/112 MP: 33/33
 61021 | Vaults:2 | Reached skill level 5 in Long Blades
 61680 | Vaults:3 | Upgraded the game from 0.25-a0-1056-g2efb326896 to
                  | 0.25-a0-1073-gf4359a17dd
 61680 | Vaults:3 | Upgraded the game from 0.25-a0-1073-gf4359a17dd to
                  | 0.25-a0-1079-g858b6a6ff6
 61777 | Vaults:3 | Received a gift from Okawaru
 62048 | Vaults:3 | Received a gift from Okawaru
 62451 | Vaults:3 | Reached skill level 15 in Fighting
 62542 | Vaults:3 | Received a gift from Okawaru
 63334 | Elf:3    | Upgraded the game from 0.25-a0-1079-g858b6a6ff6 to
                  | 0.25-a0-1119-g28b6fd0c3b
 63584 | D:9      | Killed EnegeticOcto's ghost
 64290 | Vaults:3 | Received a gift from Okawaru
 65124 | Vaults:3 | Received a gift from Okawaru
 66031 | Vaults:4 | Reached skill level 10 in Long Blades
 66438 | Vaults:4 | Reached XP level 21. HP: 91/117 MP: 35/35
 67965 | Vaults:4 | Received a gift from Okawaru
 67966 | Vaults:4 | Found the +7 Spriggan's Knife {stab, EV+4 Stlth+}
 69522 | Depths:1 | Entered Level 1 of the Depths
 69989 | D:15     | Received a gift from Okawaru
 70110 | Depths:1 | Found a one-way gate leading to the halls of Pandemonium.
 70116 | Depths:1 | Received a gift from Okawaru
 70197 | Depths:1 | Noticed Mara
 70200 | Depths:1 | Killed Mara
 70485 | Depths:1 | Found a one-way gate to the infinite horrors of the Abyss.
 70492 | Depths:1 | Identified the Incunabulum of Destructive Air
 70697 | Depths:1 | Identified the Handbook of Supportive Confrontation
 70866 | Depths:1 | Found a shimmering blue altar of Sif Muna.
 70946 | Depths:1 | Identified Biskoj's Guide on the Dusty Glacier
 70959 | Depths:1 | Identified Erghob's Reference Book on Darkness
 71518 | Depths:1 | Received a gift from Okawaru
 71711 | Depths:1 | Found a gateway to Hell.
 74125 | Depths:2 | Found a gateway to a ziggurat.
 74223 | Depths:2 | Received a gift from Okawaru
 74223 | Depths:2 | Reached XP level 22. HP: 120/122 MP: 36/36
 74363 | Depths:2 | Found a transporter.
 74368 | Depths:2 | Noticed a juggernaut
 74377 | Depths:2 | Found a transporter.
 74606 | Depths:2 | Received a gift from Okawaru
 74923 | Depths:1 | Identified the +6 short sword of Expedience {vamp, MR+
                  | Str-5 Int+4} (You found it on level 1 of the Depths)
 74928 | Depths:1 | Identified the cursed +3 spear of the Fulmar {vorpal, rC+}
                  | (You found it on level 1 of the Depths)
 75001 | Depths:1 | Identified the +2 long sword of Xoddaowe {holy, +Blink rF+
                  | Str-5 Dex+3} (Okawaru gifted it to you on level 1 of the
                  | Depths)
 75040 | Depths:3 | Noticed Boris
 75049 | Depths:3 | Killed Boris
 75144 | Depths:3 | You fall into a shaft and drop 2 floors!
 75144 | Depths:5 | Entered Level 5 of the Depths
 75225 | Depths:4 | Blown up by a lich

Illustrated notes

Levels and vault maps discovered:
D:1:      elethiomel_arrival_quiet, layout_rooms, minmay_tromino_i4
D:2:      layout_loops_corners, lemuel_round_altar, overflow_temple_1_default,
          cheibriados_altar_1, first_ration,
          chequers_ecumenical_altar_simple_redux, xom_teletrap_fun, uniq_sigmund
D:3:      layout_basic, bloody_trog, mrwooster_statue_mirror
D:4:      layout_basic, uniq_duvessa
D:5:      layout_loops_corners, lemuel_doored_altar, ashenzari_altar_1
D:6:      layout_cave_pools, kennysheep_mini_moat, grunt_qazlal_sundering,
          uniq_edmund, uniq_blork_the_orc
D:7:      layout_cave_pools, lemuel_crystal_altar, minmay_temple_entry_arrows
D:8:      layout_basic, tso_oasis_becter, tso_metal_star
D:9:      layout_loops_ring, elyvilon_altar_3,
          chequers_temple_overflow_statue_of_worship, lair_entry_dummy,
          gammafunk_ghost_mausoleum, uniq_erica
D:10:     layout_loops_ring, serial_shops, shop
D:11:     layout_layer_cave, orc_0_dummy, serial_shops, shop, grunt_ogre_cave,
          uniq_maurice
D:12:     layout_roguey, basic_altar, gauntlet_entry_generic,
          minmay_misc_feat_hallway, uniq_urug
D:13:     layout_loops_corners, serial_shops, shop
D:14:     layout_loops_ring, erik_vaults_1, chequers_serial_rivers_large_b,
          corexii_leaking_fountain
D:15:     gammafunk_depths_entry_grave, layout_basic,
          hangedman_abyss_or_decor_clamps, sword_in_stone
Lair:1:   layout_gridlike
Lair:2:   layout_cellular_growth, dummy_snake_entry, uniq_fannar
Lair:3:   layout_cave_pods, minmay_shoals_entry_lonely_mermaid,
          grunt_forest_small_clearings
Lair:4:   layout_regular_city, nicolae_volcano_entry_two_sided,
          minmay_lair_oklob_chamber, infiniplex_staircase_pool
Lair:5:   layout_hall_layers, nicolae_quartered_pool_little,
          beast_lair_carwin_8, lemuel_fruit_fields, serial_bayou_shore_a
Lair:6:   evilmike_catoblepas_cave, layout_hall_layers, slime_altar_2,
          serial_bayou_ford_a, uniq_snorg
Shoals:1: layout_shoals, serial_shops, shop
Shoals:2: layout_shoals, serial_shops, shop_coins,
          nicolae_shoals_cliffside_cave, uniq_ilsuiw
Shoals:3: layout_shoals, nicolae_shoals_seven_spires, argonaut_gorgonesque
Shoals:4: shoals_end_hangedman, layout_shoals, gammafunk_ghost_necromancy
Snake:1:  layout_layer_cave, serial_shops, shop, hangedman_snake_pattern,
          grunt_megastairs_2, uniq_asterion
Snake:2:  layout_cave_pods
Snake:3:  layout_grid_maze
Snake:4:  johnstein_snake_rune_scales, layout_rooms
Orc:1:    minmay_goldmine, layout_caves, nicolae_orc_lost_temple
Orc:2:    grunt_orc_tribal_feast, layout_diamond_mine
Elf:1:    minmay_elf_arrival_circle, layout_geoelf_diagonals,
          portal_desolation_entry_holy_temple, infiniplex_enter_wizlab_spiral,
          kennysheep_underground_church
Elf:2:    layout_loops_cross, uniq_louise
Elf:3:    elf_hall, layout_geoelf_castle, uniq_nikola
Vaults:1: vaults_room_pool, ontoclasm_vaults_twist, nicolae_vaults_rhombus_5,
          hangedman_vaults_cutoff, hangedman_vaults_cutoff, v_misc_10,
          nicolae_vaults_network_square, vaults_dpeg_hooks,
          layout_vaults_quadrants
Vaults:2: nicolae_vaults_disjoint_gnomons, v_misc_24, st_lines,
          vaults_room_stairs_pillars, hangedman_vaults_river_flow,
          minmay_crypt_entry_necro_gods, nicolae_vaults_alarming,
          ontoclasm_vaults_bender, nicolae_vaults_specimen_jars, v_misc_33,
          v_alt_pattern_2, ontoclasm_vaults_chip,
          nicolae_vaults_little_squares_1, v_misc_25,
          nicolae_vaults_circle_grid_a, layout_vaults_omnibox
Vaults:3: v_misc_12, grunt_vaults_hallway_long, nicolae_vaults_network_s,
          ontoclasm_vaults_ring_large, st_eye, v_pattern_4,
          nicolae_vaults_little_squares_5, nicolae_vaults_little_squares_5,
          hangedman_vaults_trim, vaults_room_hallway, nicolae_vaults_asterisk,
          layout_vaults_maze_snakey
Vaults:4: hangedman_vaults_stretched_pinwheel, vaults_room_stairs_pillars,
          vaults_dpeg_ring, ontoclasm_vaults_gateway, hangedman_vaults_unwind,
          vaults_mumra_hex, vaults_room_pools, vaults_room_corners,
          nicolae_vaults_little_squares_5, vaults_room_grunt_arrival_ludios,
          layout_vaults_big_room
Depths:1: evilmike_library_of_no_secrets, layout_basic,
          grunt_hell_entry_dis_grunt, rand_demon_pan_entry_9, abyss_entry,
          chequers_hall_statues_corner_a, st_stairs_6, minivault_11,
          corexii_corridor_pit, uniq_mara
Depths:2: gammafunk_sealed_arena, layout_cave_shapes, enter_ziggurat_c,
          nicolae_two_hexagons, abyss_entry, hell_entry
Depths:3: minmay_the_grid_triangle_9x9_recursive_3
          [minmay_the_grid_triangle_9x9_zippers_vertical,
          minmay_the_grid_triangle_9x9_longest,
          minmay_the_grid_triangle_9x9_zippers_horizontal,
          minmay_the_grid_triangle_9x9_prize_top_heavy,
          minmay_the_grid_triangle_9x9_swiss_cheese,
          minmay_the_grid_triangle_9x9_fully_insulated_deathbox,
          minmay_the_grid_triangle_9x9_negative_grid,
          minmay_the_grid_triangle_9x9_wacky_v,
          minmay_the_grid_triangle_9x9_warning], layout_cave_shapes,
          rand_demon_pan_entry_3, patterned_corridor, hell_entry, uniq_boris
Depths:4: hangedman_surveillance_ring, layout_basic, abyss_entry_crystal,
          pf_dread_powers_of_hell, minmay_fountain_box, grunt_ministairs_9,
          nicolae_transmutations_shop
Depths:5: evilmike_zot_entry_argh, layout_cave_pools,
          serial_sigils_hangedman_writhe, abyss_entry, pf_coc_iceberg,
          serial_bayou_lagoon_a, drop_trap

Skill      XL: |  1  2  3  4  5  6  7  8  9 10 11 12 13 14 15 16 17 18 19 20 21 22 |
---------------+-------------------------------------------------------------------+-----
Fighting       | 2 3 4 5 6 7 8 9 10 13 14 15 | 15.0
Dodging        | 4 5 6 8 9 10 11 12 13 14 15 17 18 | 18.0
Throwing       | 5 6 7 8 10 11 12 | 12.0
Short Blades   | 1 3 4 6 7 8 9 10 11 12 | 12.0
Evocations     | 2 5 7 9 10 11 12 15 17 18 | 18.0
Invocations    | 1 3 4 6 8 10 | 10.0
Shields        | 2 5 6 7 |  7.2
Armour         | 2 3 4 6 9 11 12 13 | 13.3
Stealth        | 3 6 9 11 12 13 15 | 15.0
Long Blades    | 4 10 12 | 12.9

Action                   |  1- 3 |  4- 6 |  7- 9 | 10-12 | 13-15 | 16-18 | 19-21 | 22-24 || total
-------------------------+-------+-------+-------+-------+-------+-------+-------+-------++-------
Melee: Short sword       |   159 |    88 |   122 |   245 |   994 |   611 |       |       ||  2219
       Dagger            |       |    66 |   204 |   408 |   535 |  1014 |    55 |       ||  2282
       Scimitar          |       |       |       |    41 |     5 |    50 |    75 |       ||   171
       Rapier            |       |       |       |       |       |       |  1864 |    15 ||  1879
       Demon blade       |       |       |       |       |       |       |   122 |    55 ||   177
Throw: Boomerang         |    41 |       |    89 |   174 |   134 |  1386 |   638 |    18 ||  2480
       Dart              |       |    52 |   135 |   252 |    50 |       |       |       ||   489
       Throwing net      |       |       |       |       |     1 |     3 |     1 |       ||     5
Invok: Heroism           |       |       |       |    12 |    19 |    32 |    61 |     4 ||   128
 Abil: Evoke Invisibilit |       |       |       |     1 |    16 |    15 |    13 |       ||    45
Evoke: Wand              |       |       |       |    14 |    36 |    61 |    22 |       ||   133
       Lightning rod     |       |       |       |     2 |     4 |       |       |       ||     6
       Phantom mirror    |       |       |       |       |       |     1 |       |       ||     1
       Tin of tremorston |       |       |       |       |       |     8 |     1 |       ||     9
  Use: Scroll            |       |     7 |     9 |    21 |     6 |     8 |    13 |     4 ||    68
       Potion            |       |       |       |     1 |       |     4 |       |       ||     5
 Stab: Sleeping          |     2 |     5 |     9 |     7 |    89 |    67 |    70 |     8 ||   257
       Distracted        |     1 |       |     1 |     1 |     5 |     1 |     3 |       ||    12
       Invisible         |       |       |       |     2 |    33 |    46 |    36 |       ||   117
       Petrified         |       |       |       |       |       |     2 |       |       ||     2
  Eat: Ration            |       |     1 |     4 |     6 |    12 |    13 |    15 |     1 ||    52
Armor: Robe              |    19 |     7 |    14 |    18 |       |       |       |       ||    58
       Acid dragon scale |       |       |       |    21 |    73 |   196 |   169 |     5 ||   464
Dodge: Dodged            |   140 |   112 |   246 |   430 |   657 |  1277 |  1077 |    35 ||  3974
Block: Buckler           |       |       |       |    95 |   365 |   578 |   560 |    21 ||  1619
       Rpst.: Scimitar   |       |       |       |    12 |     1 |    18 |    14 |       ||    45
       Demon blade       |       |       |       |       |       |       |     6 |     9 ||    15

Table legend:
 A = Non-vault XP
 B = Vault XP
 C = Vault XP percentage of total XP
 D = Non-vault monster count
 E = Vault monster count
 F = Vault count percentage of total count
                 A         B        C        D         E       F
            +---------+---------+-------+---------+---------+-------
      Total |  455606 |  273443 |  37.5 |    1214 |     391 |  24.4
            +---------+---------+-------+---------+---------+-------
        D:1 |      60 |       5 |   7.7 |      35 |       3 |   7.9
        D:2 |      56 |     231 |  80.5 |      23 |       1 |   4.2
        D:3 |     152 |       0 |   0.0 |      27 |       0 |   0.0
        D:4 |     282 |     230 |  44.9 |      17 |       2 |  10.5
        D:5 |     673 |       0 |   0.0 |      22 |       0 |   0.0
        D:6 |     948 |     258 |  21.4 |      24 |       2 |   7.7
        D:7 |    1289 |       0 |   0.0 |      27 |       0 |   0.0
        D:8 |    1179 |       0 |   0.0 |      31 |       0 |   0.0
        D:9 |     960 |    3056 |  76.1 |      16 |       7 |  30.4
       D:10 |    3273 |       0 |   0.0 |      32 |       0 |   0.0
       D:11 |    3796 |     243 |   6.0 |      18 |       2 |  10.0
       D:12 |    2129 |     815 |  27.7 |      22 |       1 |   4.3
       D:13 |   11980 |       0 |   0.0 |      48 |       0 |   0.0
       D:14 |    9278 |    1808 |  16.3 |      40 |       2 |   4.8
       D:15 |   14494 |    9552 |  39.7 |      27 |      14 |  34.1
     Lair:1 |    4391 |       0 |   0.0 |      17 |       0 |   0.0
     Lair:2 |    3786 |     997 |  20.8 |      21 |       1 |   4.5
     Lair:3 |    2030 |     458 |  18.4 |       9 |       1 |  10.0
     Lair:4 |    3975 |    1377 |  25.7 |      21 |       3 |  12.5
     Lair:5 |    8010 |    2465 |  23.5 |      34 |       7 |  17.1
     Lair:6 |   14147 |   12771 |  47.4 |      47 |      28 |  37.3
   Shoals:1 |   10689 |       0 |   0.0 |      22 |       0 |   0.0
   Shoals:2 |    7139 |    2990 |  29.5 |      14 |       4 |  22.2
   Shoals:3 |   14736 |    4534 |  23.5 |      32 |       9 |  22.0
   Shoals:4 |   14179 |   21951 |  60.8 |      31 |      30 |  49.2
    Snake:1 |   18418 |    3295 |  15.2 |      38 |       3 |   7.3
    Snake:2 |    6347 |       0 |   0.0 |      15 |       0 |   0.0
    Snake:3 |   35529 |       0 |   0.0 |      56 |       0 |   0.0
    Snake:4 |   20513 |   31858 |  60.8 |      37 |      57 |  60.6
      Orc:1 |    1834 |     108 |   5.6 |      41 |      11 |  21.2
      Orc:2 |    2430 |    7334 |  75.1 |      13 |      30 |  69.8
      Elf:1 |   11738 |    6271 |  34.8 |      20 |      10 |  33.3
      Elf:2 |   10180 |    2297 |  18.4 |      15 |       4 |  21.1
      Elf:3 |   30423 |   37098 |  54.9 |      49 |      23 |  31.9
   Vaults:1 |   20983 |    6825 |  24.5 |      40 |      15 |  27.3
   Vaults:2 |   29387 |   19801 |  40.3 |      42 |      23 |  35.4
   Vaults:3 |   45565 |   28092 |  38.1 |      70 |      31 |  30.7
   Vaults:4 |   35300 |   26170 |  42.6 |      64 |      33 |  34.0
   Depths:1 |   24783 |   32229 |  56.5 |      27 |      29 |  51.8
   Depths:2 |   26808 |       0 |   0.0 |      28 |       0 |   0.0
   Depths:3 |       0 |    5506 | 100.0 |       0 |       1 | 100.0
   Depths:4 |    1737 |       0 |   0.0 |       2 |       0 |   0.0
   Gauntlet |       0 |    2818 | 100.0 |       0 |       4 | 100.0
            +---------+---------+-------+---------+---------+-------

Action                   |  1- 3 |  4- 6 |  7- 9 | 10-12 | 13-15 | 16-18 | 19-21 | 22-24 || total
-------------------------+-------+-------+-------+-------+-------+-------+-------+-------++-------
Melee: Short sword       |   159 |    88 |   122 |   245 |   994 |   611 |       |       ||  2219
       Dagger            |       |    66 |   204 |   408 |   535 |  1014 |    55 |       ||  2282
       Scimitar          |       |       |       |    41 |     5 |    50 |    75 |       ||   171
       Rapier            |       |       |       |       |       |       |  1864 |    15 ||  1879
       Demon blade       |       |       |       |       |       |       |   122 |    55 ||   177
Throw: Boomerang         |    41 |       |    89 |   174 |   134 |  1386 |   638 |    18 ||  2480
       Dart              |       |    52 |   135 |   252 |    50 |       |       |       ||   489
       Throwing net      |       |       |       |       |     1 |     3 |     1 |       ||     5
Invok: Heroism           |       |       |       |    12 |    19 |    32 |    61 |     4 ||   128
 Abil: Evoke Invisibilit |       |       |       |     1 |    16 |    15 |    13 |       ||    45
Evoke: Wand              |       |       |       |    14 |    36 |    61 |    22 |       ||   133
       Lightning rod     |       |       |       |     2 |     4 |       |       |       ||     6
       Phantom mirror    |       |       |       |       |       |     1 |       |       ||     1
       Tin of tremorston |       |       |       |       |       |     8 |     1 |       ||     9
  Use: Scroll            |       |     7 |     9 |    21 |     6 |     8 |    13 |     4 ||    68
       Potion            |       |       |       |     1 |       |     4 |       |       ||     5
 Stab: Sleeping          |     2 |     5 |     9 |     7 |    89 |    67 |    70 |     8 ||   257
       Distracted        |     1 |       |     1 |     1 |     5 |     1 |     3 |       ||    12
       Invisible         |       |       |       |     2 |    33 |    46 |    36 |       ||   117
       Petrified         |       |       |       |       |       |     2 |       |       ||     2
  Eat: Ration            |       |     1 |     4 |     6 |    12 |    13 |    15 |     1 ||    52
Armor: Robe              |    19 |     7 |    14 |    18 |       |       |       |       ||    58
       Acid dragon scale |       |       |       |    21 |    73 |   196 |   169 |     5 ||   464
Dodge: Dodged            |   140 |   112 |   246 |   430 |   657 |  1277 |  1077 |    35 ||  3974
Block: Buckler           |       |       |       |    95 |   365 |   578 |   560 |    21 ||  1619
       Rpst.: Scimitar   |       |       |       |    12 |     1 |    18 |    14 |       ||    45
       Demon blade       |       |       |       |       |       |       |     6 |     9 ||    15
